 Dungeon Crawl Stone Soup version 0.30-a0-359-gd0147acb1a (webtiles) character file.

Game seed: 16729629292759205480

19 gruber the Protected (level 2, -2/23 HPs)
             Began as a Gnoll Wanderer on Nov 11, 2022.
             Killed from afar by Sigmund (9 damage)
             ... with a puff of flame
             ... on level 2 of the Dungeon.
             The game lasted 00:01:16 (687 turns).

gruber the Protected (Gnoll Wanderer)                Turns: 687, Time: 00:01:16

Health: -2/23      AC: 10    Str: 10    XL:     2   Next: 75%
Magic:  5/5        EV:  9    Int: 12    God:
Gold:   57         SH:  0    Dex: 11    Spells: 5/6 levels left

rFire   . . .      SeeInvis .    n - +4 war axe
rCold   . . .      Faith    .    (no shield)
rNeg    . . .      Spirit   .    d - +2 scale mail
rPois   .          Reflect  .    (no helmet)
rElec   .          Harm     .    (no cloak)
rCorr   +          Rampage  .    (no gloves)
Will    .....                    (no boots)
Stlth   ..........               (no amulet)
HPRegen 0.23/turn                k - ring of resist corrosion
MPRegen 0.09/turn                (no ring)

@: no status effects
A: fangs 1, strong nose, distributed training
a: no special abilities


You were on level 2 of the Dungeon.
You visited 1 branch of the dungeon, and saw 2 of its levels.

You collected 57 gold pieces.

Inventory:

Hand Weapons
 n - a +4 war axe (weapon)
Armour
 d - a +2 scale mail (worn)
Jewellery
 k - a ring of resist corrosion (left hand)
Scrolls
 e - a scroll of butterflies {unknown}
 g - 2 scrolls of enchant weapon {unknown}
 i - a scroll of identify {unknown}
 m - a scroll of teleportation {unknown}
Potions
 a - a potion of might {unknown}
 c - 2 potions of attraction
 f - a potion of flight {unknown}
 h - a potion of magic {unknown}
 j - a potion of haste {unknown}
 l - a potion of invisibility {unknown}


   Skills:
 + Level 2.5 Fighting
 + Level 0.5 Short Blades
 + Level 0.5 Long Blades
 + Level 0.5 Axes
 + Level 0.5 Maces & Flails
 + Level 0.5 Polearms
 + Level 0.5 Staves
 + Level 0.5 Ranged Weapons
 + Level 0.5 Throwing
 + Level 10.4 Armour
 + Level 0.5 Dodging
 + Level 0.5 Stealth
 + Level 0.5 Shields
 + Level 0.5 Unarmed Combat
 + Level 2.7 Spellcasting
 + Level 0.4 Conjurations
 + Level 0.4 Hexes
 + Level 0.4 Summonings
 + Level 0.4 Necromancy
 + Level 0.4 Translocations
 + Level 0.4 Transmutations
 + Level 0.4 Fire Magic
 + Level 0.4 Ice Magic
 + Level 5.4 Air Magic
 + Level 0.4 Earth Magic
 + Level 0.4 Poison Magic
 + Level 0.7 Invocations
 + Level 0.5 Evocations


You had 5 spell levels left.
You knew the following spells:

 Your Spells              Type           Power      Damage    Failure   Level
a - Shock                 Conj/Air       32%        1d5       34%         1

Your spell library contained the following spells:

 Spells                   Type           Power      Damage    Failure   Level
 Kindle Blastsparks       Fire/Tloc/Air  12%        2d11      82%         3


Dungeon Overview and Level Annotations

Branches:
Dungeon (2/15)

Altars:

Annotations:
D:2 Sigmund


Innate Abilities, Weirdness & Mutations

You have very sharp teeth.
Your uncanny sense of smell can sniff out nearby items.
Your experience applies equally to all skills.


Message History

No target in view!
No target in view!
c - 2 potions of attraction (gained 1)
Found a stone staircase leading down.
Sigmund the Dreaded comes into view.
He is wielding a +0 scythe.
Sigmund shouts!
Sigmund gestures at you while chanting.
You are confused.
Sigmund is nearby!
Unknown command.
You bump into the rock wall.
You're too confused to move!
You feel less confused.
Sigmund mumbles some strange words.
Sigmund flickers and vanishes!
Deactivating autopickup; reactivate with Ctrl-A.
No target in view!
No target in view!
No target in view!
You hit something.
You hear some strange, mumbled words.
A magic dart appears from out of thin air!
The magic dart hits you! Something hits you but does no damage.
You hit something.
You hear some strange, mumbled words.
You are confused.
You're too confused to move!
Something hits you.
You bump into the rock wall.
You hear some strange, mumbled words.
A puff of flame appears from out of thin air!
The puff of flame hits you!
You feel better. Something hits you. Something hits you but does no damage.
You slash something! Your punch misses something. Something hits you.
You slash something! Your punch misses something. Something hits you.
You closely miss something.
You hear some strange, mumbled words.
A puff of flame appears from out of thin air!
The puff of flame hits you!
You die...

.........####.# #
###########...#.#
∆ ..###.###.###
+## #.#....#....
.@ #.#.#.....#
#.# #.#.###..##
#.. #.#......#
#.#####
#.....#.##
#..{@.#######.# #
#####...#####.#
###.##....#
#....####
####>.......
#.##.#.#. #.# ..
∆ ∆ #.# ## ∆ #..


There were no monsters in sight!

Vanquished Creatures
  2 endoplasms (D:1)
  A giant cockroach (D:1)
  2 goblins (D:1)
  2 hobgoblins (D:1)
  3 jackals (D:1)
  A kobold (D:1)
  A ball python (D:2)
  A bat (D:1)
  4 rats (D:1)
17 creatures vanquished.

Notes
Turn   | Place    | Note
-------+----------+-------------------------------------------
     0 | D:1      | Reached skill level 10 in Armour
     0 | D:1      | gruber the Gnoll Wanderer began the quest for the Orb.
     0 | D:1      | gruber set off with the following items: a +0 dagger, a
                  | potion of curing, a potion of attraction, a +2 scale mail;
                  | and the following spell memorised: Shock; and the following
                  | spells available to memorise: Kindle Blastsparks.
     0 | D:1      | Reached XP level 1. HP: 17/17 MP: 4/4
    64 | D:1      | Reached XP level 2. HP: 13/23 MP: 5/5
   671 | D:2      | Noticed Sigmund
   687 | D:2      | Killed from afar by Sigmund

Illustrated notes

Levels and vault maps discovered:
D:1:      dpeg_arrival_windows_large_door, layout_rooms
D:2:      layout_basic, uniq_terence, uniq_sigmund

Skill      XL: | |
---------------+-+-----
Armour         | | 10.4
Fighting       | |  2.5
Short Blades   | |  0.5
Long Blades    | |  0.5
Axes           | |  0.5
Maces & Flails | |  0.5
Polearms       | |  0.5
Staves         | |  0.5
Ranged Weapons | |  0.5
Throwing       | |  0.5
Dodging        | |  0.5
Stealth        | |  0.5
Shields        | |  0.5
Unarmed Combat | |  0.5
Spellcasting   | |  2.7
Conjurations   | |  0.4
Hexes          | |  0.4
Summonings     | |  0.4
Necromancy     | |  0.4
Translocations | |  0.4
Transmutations | |  0.4
Fire Magic     | |  0.4
Ice Magic      | |  0.4
Air Magic      | |  5.4
Earth Magic    | |  0.4
Poison Magic   | |  0.4
Invocations    | |  0.7
Evocations     | |  0.5

Action                   || total
-------------------------++-------
Melee: Dagger            ||    85
       Bite              ||     8
       War axe           ||    11
  Use: Potion            ||     1
Armor: Scale mail        ||    74
Dodge: Dodged            ||    53

Table legend: (Time is in decaauts)
 A = Elapsed time spent in this place.
 B = Non-inter-level travel time spent in this place.
 C = Inter-level travel time spent in this place.
 D = Time resting spent in this place.
 E = Time spent auto-exploring this place.
 F = Levels seen in this place.
 G = Mean time per level.
                   A        B        C        D        E       F      G
               +--------+--------+--------+--------+--------+-----+--------+
         Total |    689 |    667 |     22 |      0 |    483 |   2 |  344.5 |
       Dungeon |    689 |    667 |     22 |      0 |    483 |   2 |  344.5 |
               +--------+--------+--------+--------+--------+-----+--------+

Top non-repeatable levels by time:
     D:1: 608 daAuts
     D:2: 81 daAuts
